 Dungeon Crawl Stone Soup version 0.31-a0-963-ga325b2283a (webtiles) character file.

Game seed: 245199733912694457

38901 dertzug the Severer (level 13, -2/106 HPs)
             Began as a Minotaur Fighter on Oct 24, 2023.
             Was the Champion of Hepliaklqana.
             Slain by a blink frog simulacrum (8 damage)
             ... on level 3 of the Lair of Beasts.
             The game lasted 00:22:34 (15736 turns).

dertzug the Severer (Minotaur Fighter)             Turns: 15736, Time: 00:22:34

Health: -2/106     AC: 15    Str: 29    XL:     13   Next: 66%
Magic:  21/21      EV: 13    Int:  5    God:    Hepliaklqana [******]
Gold:   984        SH:  0    Dex: 14    Spells: 12/12 levels left

rFire   . . .        q - +2 hand axe (elec)
rCold   + . .        c - +0 buckler
rNeg    + . .        v - +2 scale mail of Wicked New Discoveries {Will+ MP+9}
rPois   +            K - +2 hat {SInv}
rElec   .            (no cloak)
rCorr   .            G - +0 pair of gloves {Dex+3}
SInv    +            (no boots)
Will    ++...        s - amulet "Necithro" {rPois Regen+ Str+4} Stlth
                     a - ring of the Duchess {rC+ rN+}
HPRegen 1.17/turn    t - ring of willpower
MPRegen 0.17/turn

%: no passive effects
@: confused
A: reduced essence, horns 2, retaliatory headbutt
a: Renounce Religion, Recall Ancestor, Ancestor Identity, Transference, Idealise


You were on level 3 of the Lair of Beasts.
You worshipped Hepliaklqana.
Hepliaklqana was exalted by your worship.
You visited 2 branches of the dungeon, and saw 16 of its levels.
You also visited: Sewer and Gauntlet.

You collected 1164 gold pieces.
You spent 180 gold pieces at shops.

Inventory:

Hand Weapons
 q - a +2 hand axe of electrocution (weapon)
Armour
 b - the +4 robe of Uskayaw's Displeasure {Harm rN+++ Str-4 Int+3}
   (You found it in a sewer)

   Str-4:     It affects your strength (-4).
   Int+3:     It affects your intelligence (+3).
   rN+++:     It renders you almost immune to negative energy.
   Harm:      It increases damage dealt and taken.
 c - a +0 buckler (worn)
 k - the +0 pair of gloves of the Ladybird {Fly}
   (You found it in a Gauntlet)

   Fly:       It grants you flight.
 o - a +0 chain mail
 v - the +2 scale mail of Wicked New Discoveries (worn) {Will+ MP+9}
   (You found it on level 1 of the Lair of Beasts)

   Will+:     It increases your willpower.
   MP+9:      It affects your magic capacity (+9).
 G - a +0 pair of gloves of dexterity (worn)
 K - a +2 hat of see invisible (worn)
Jewellery
 a - the ring of the Duchess (left hand) {rC+ rN+}
   (You acquired it in a Gauntlet)

   [ring of positive energy]

   rC+:       It protects you from cold.
   rN+:       It protects you from negative energy.
 e - a ring of protection from cold
 s - the amulet "Necithro" (around neck) {rPois Regen+ Str+4}
   (You took it off a minotaur in a Gauntlet)

   [amulet of regeneration]

   Str+4:     It affects your strength (+4).
   rPois:     It protects you from poison Regen+: It increases your rate of
   health regeneration.
 t - a ring of willpower (right hand)
 D - a ring of ice
Wands
 x - a wand of flame (1) (quivered)
 I - a wand of mindburst (5)
 J - a wand of polymorph (8)
Scrolls
 f - 3 scrolls of fear
 j - 3 scrolls of teleportation
 r - 6 scrolls of revelation
 w - 2 scrolls of blinking
 y - 3 scrolls of summoning {unknown}
 z - a scroll of silence {unknown}
 A - 2 scrolls of amnesia {unknown}
 B - 2 scrolls of enchant weapon {unknown}
 C - 2 scrolls of vulnerability {unknown}
 E - 5 scrolls of enchant armour {unknown}
 H - a scroll of fog {unknown}
 Q - a scroll of immolation
 R - a scroll of poison {unknown}
Potions
 d - 8 potions of enlightenment
 h - 2 potions of mutation
 i - 4 potions of haste
 l - 2 potions of attraction {unknown}
 m - 4 potions of curing {unknown}
 n - 2 potions of brilliance {unknown}
 p - a potion of berserk rage {unknown}
 u - 4 potions of magic {unknown}
 F - a potion of ambrosia {unknown}
 L - a potion of lignification {unknown}
 P - 3 potions of degeneration {unknown}
Miscellaneous
 M - a box of beasts
 N - a condenser vane
 O - a phial of floods


   Skills:
 + Level 12.0 Fighting
 + Level 15.2 Axes
 + Level 13.4 Armour
 + Level 5.9 Dodging
 + Level 9.2 Stealth
 + Level 10.1 Shields
 + Level 3.5 Evocations


You had 12 spell levels left.
You didn't know any spells.
Your spell library contained the following spells:

 Spells                   Type           Power      Damage    Failure   Level
 Kiss of Death            Conj/Necr      0%         2d5       71%         1
 Shock                    Conj/Air       0%         1d3       71%         1
 Sting                    Tmut/Pois      0%         1d3       71%         1
 Summon Small Mammal      Summ           0%         N/A       71%         1
 Ensorcelled Hibernation  Hex/Ice        0%         N/A       83%         2
 Jinxbite                 Hex            0%         N/A       83%         2
 Poisonous Vapours        Pois/Air       0%         N/A       83%         2
 Sublimation of Blood     Necr           0%         N/A       83%         2
 Wereblood                Tmut           0%         N/A       83%         2
 Call Canine Familiar     Summ           0%         N/A       97%         3
 Confusing Touch          Hex            0%         N/A       97%         3
 Summon Guardian Golem    Hex/Summ       0%         N/A       97%         3
 Swiftness                Air            0%         N/A       97%         3
 Airstrike                Air            0%         2d(0-16)  100%        4
 Anguish                  Hex/Necr       0%         N/A       100%        4
 Dispel Undead            Necr           0%         3d6       100%        4
 Olgreb's Toxic Radiance  Pois           0%         N/A       100%        4
 Summon Hydra             Summ           0%         N/A       100%        7


Dungeon Overview and Level Annotations

Branches:
Dungeon (13/15)            Temple (0/1) D:7            Lair (3/5) D:9
  Swamp (0/4) Lair:2       Spider (0/4) Lair:3          Orc (0/2) D:9
 Vaults (0/5) D:13          Sewer (visited)         Gauntlet (visited)

Altars:
Ashenzari
Cheibriados
Elyvilon
Gozag
Hepliaklqana
Kikubaaqudgha
Okawaru
Qazlal
Trog
Wu Jian
Xom
Zin
Jiyva

Shops:
D:1 [   D:7 [(:[   D:10 *   D:13 **((

Annotations:
D:2 1 runed translucent door, Crazy Yiuf
D:4 3 runed translucent doors, aks0t's ghost, weakling DECj
D:12 Azrael; Jorgrun; Kirke


Innate Abilities, Weirdness & Mutations

Your life essence is reduced to manifest your ancestor. (-10% HP)
You have a pair of horns on your head.
You reflexively headbutt those who attack you in melee.


Message History

You bump into the rock wall.
The water moccasin closely misses you. The water moccasin barely misses you.
The blink frog blinks!
The water moccasin attacks as it pursues you!
The water moccasin bites you but does no damage.
The blink frog blinks!
The water moccasin closely misses you. The blink frog closely misses you.
The water moccasin bites you.
* * * LOW HITPOINT WARNING * * *
You barely miss the fungus. You miss the blink frog.
You barely miss the water moccasin.
The blink frog hits you but does no damage.
The water moccasin misses you.
You bump into the rock wall.
The blink frog blinks!
The water moccasin bites you but does no damage.
You slash the fungus!
The fungus begins to die.
The fungus is lightly damaged.
You hit the water moccasin. The water moccasin barely misses you.
The blink frog blinks!
The water moccasin attacks as it pursues you!
The water moccasin completely misses you.
The blink frog attacks as it pursues you!
The blink frog barely misses you. The water moccasin closely misses you.
The blink frog closely misses you. The water moccasin barely misses you.
The blink frog blinks!
You miss the water moccasin.
The water moccasin is lightly wounded.
You miss the blink frog. x2; You hit the blink frog simulacrum.
You miss the blink frog. The blink frog hits you!
* * * LOW HITPOINT WARNING * * *
The blink frog blinks! x2; The water moccasin barely misses you.
The blink frog misses you.
You're too confused to move!
A nearby fungus withers and dies.
The blink frog simulacrum hits you but does no damage.
The water moccasin bites you.
* * * LOW HITPOINT WARNING * * *
The blink frog simulacrum hits you!
* * * LOW HITPOINT WARNING * * *
The blink frog simulacrum freezes you! You resist.
You die...

## .#### ##
.#..####.# ###
....†...## ####.##
####.#...#####.....##
# ###..##.##P...#..#
#P..†.†...§.#.##
P.....P.PF...FS@..#
...####PP..###.ZZF.#
## ##P..##.#Z.###
#..###....# ##.#
##..## # ..# ##.##
..## #..#### ##.#..##
#.....#


You could see 3 blink frogs, a water moccasin, a water moccasin simulacrum and 2
blink frog simulacra.

Vanquished Creatures
  An eleionoma (Lair:2)
  A minotaur (Gauntlet)
  2 hydras
  The ghost of BinkBink the Fighter, a journeyman DsFi of Okawaru (Lair:1)
  2 centaur warriors
  4 two-headed ogres
  2 boulder beetles
  A tengu warrior (D:13)
  A skeletal warrior (D:13)
  A pharaoh ant (Lair:3)
  A sixfirhy (Gauntlet)
  A deep elf pyromancer (D:13)
  A cyclops (D:13)
  A manticore (D:11)
  A black mamba (Lair:1)
  4 ugly things
  3 elephants (Lair:2)
  5 cane toads
  An unseen horror (D:13)
  A rime drake (Lair:3)
  2 kobold demonologists
  A komodo dragon (Lair:1)
  A tengu conjurer (D:13)
  A polar bear (Lair:2)
  4 trolls
  A red devil (D:11)
  A tarantella (Lair:3)
  Prince Ribbit (D:7)
  8 blink frogs
  7 slime creatures
  9 yaks
  2 wraiths
  A wyvern (Lair:2)
  2 basilisks
  Grum (D:9)
  A chaos spawn (Gauntlet)
  A neqoxec (Gauntlet)
  7 vampire mosquitoes
  Edmund (D:6)
  Menkaure (D:4)
  An acid dragon (D:9)
  5 water moccasins
  Duvessa (D:5)
  2 ice beasts
  3 black bears
  An orc warrior (D:9)
  2 sky beasts
  An ogre (D:5)
  3 centaurs
  14 wolves
  3 kobold brigands
  6 bullfrogs
  4 scorpions
  2 gnoll sergeants
  Dowan (D:5)
  2 wights (D:7)
  9 killer bees
  5 electric eels
  A quasit (D:11)
  3 jellies
  7 orc priests
  6 hounds (D:9)
  Jessica (D:3)
  A sleepcap (D:6)
  2 iguanas
  4 orc wizards
  A sickly merfolk siren (Sewer)
  A malarious merfolk avatar (Sewer)
  10 gnolls
  2 river rats (Sewer)
  11 adders
  2 shadow imps
  7 ufetubi
  2 dart slugs
  3 worms
  42 orcs
  12 ball pythons
  6 bats
  5 endoplasms
  5 giant cockroaches
  11 goblins
  3 hobgoblins
  3 jackals (D:5)
  24 kobolds
  5 quokkas
  11 frilled lizards
  21 rats
365 creatures vanquished.

Vanquished Creatures (collateral kills)
  A hydra (Lair:2)
  A boulder beetle (D:11)
  A sun demon (D:10)
  An obsidian statue (Gauntlet)
  A manticore (D:11)
  3 elephants (Lair:2)
  5 slime creatures
  A gargoyle (D:12)
  Jeremiah (D:7)
  A kobold demonologist (D:9)
  An unseen horror (D:11)
  A hellwing (D:11)
  3 blink frogs (Lair:2)
  Grinder (D:5)
  A steam dragon (D:9)
  2 yaks
  A vampire mosquito (D:8)
  A water moccasin (D:9)
  3 wolves
  A centaur (D:9)
  2 bullfrogs
  A scorpion (D:6)
  A wight (D:7)
  A killer bee (D:8)
  A howler monkey (D:5)
  A quasit (D:11)
  A hound (D:9)
  An orc priest (D:3)
  5 orc wizards
  A gnoll (D:5)
  An ufetubus (Gauntlet)
  A dart slug (D:4)
  An orc (D:5)
  A giant cockroach (D:4)
  2 kobolds (D:8)
  2 butterflies
54 creatures vanquished.

Vanquished Creatures (others)
  9 hexers
  2 kobolds (D:6)
11 creatures vanquished.

Grand Total: 430 creatures vanquished

Notes
Turn   | Place    | Note
-------+----------+-------------------------------------------
     0 | D:1      | dertzug the Minotaur Fighter began the quest for the Orb.
     0 | D:1      | Reached XP level 1. HP: 19/19 MP: 0/0
   296 | D:1      | Reached XP level 2. HP: 27/27 MP: 1/1
   424 | D:1      | Found a faded altar of an unknown god.
   701 | D:1      | Found a transporter.
   702 | D:1      | Found Saresch's Antique Armour Shop.
   757 | D:1      | Found a transporter.
  1106 | D:2      | Reached XP level 3. HP: 33/33 MP: 2/2
  1142 | D:2      | Reached skill level 1 in Dodging
  1189 | D:2      | Found a hazy altar of Hepliaklqana.
  1207 | D:2      | Became a worshipper of Hepliaklqana the Forgotten
  1358 | D:2      | Reached skill level 3 in Axes
  1384 | D:2      | Reached XP level 4. HP: 39/40 MP: 3/3
  1497 | D:2      | Found a runed translucent door.
  1498 | D:2      | Noticed Crazy Yiuf
  1998 | D:3      | Found a glowing drain.
  2006 | Sewer    | Entered a sewer
  2093 | Sewer    | Reached skill level 4 in Axes
  2193 | Sewer    | Reached XP level 5. HP: 46/47 MP: 4/4
  2335 | Sewer    | Identified the +4 robe of Uskayaw's Displeasure {Harm rN+++
                  | Str-4 Int+3}
  2615 | D:3      | Reached * piety under Hepliaklqana
  2841 | D:3      | Reached skill level 5 in Axes
  2858 | D:3      | Found a glowing silver altar of Zin.
  2858 | D:3      | Noticed an angel
  3068 | D:3      | Noticed Jessica
  3068 | D:3      | Noticed a sky beast
  3071 | D:3      | Found a stormy altar of Qazlal.
  3082 | D:3      | Killed a sky beast
  3083 | D:3      | Reached skill level 5 in Armour
  3083 | D:3      | Reached XP level 6. HP: 19/49 MP: 5/5
  3105 | D:3      | Killed Jessica
  3254 | D:3      | Found an ornate altar of the Wu Jian Council.
  3475 | D:3      | Reached skill level 5 in Fighting
  3678 | D:4      | Reached ** piety under Hepliaklqana
  3681 | D:4      | Remembered your ancestor Keminub as a hexer
  3697 | D:4      | Found a runed translucent gate.
  3697 | D:4      | Found a runed translucent gate.
  3697 | D:4      | Found a runed translucent gate.
  3697 | D:4      | Noticed aks0t's ghost (weakling DECj)
  3765 | D:4      | Found an opulent altar of Gozag.
  3791 | D:4      | Noticed Menkaure
  3798 | D:4      | Killed Menkaure
  3799 | D:4      | Reached skill level 6 in Axes
  3799 | D:4      | Reached XP level 7. HP: 32/54 MP: 6/6
  3909 | D:4      | Found a snail-covered altar of Cheibriados.
  4243 | D:5      | Entered Level 5 of the Dungeon
  4258 | D:5      | Noticed Grinder
  4267 | D:5      | Killed Grinder
  4394 | D:5      | Reached skill level 7 in Axes
  4544 | D:5      | Noticed Duvessa
  4544 | D:5      | Noticed Dowan
  4550 | D:5      | Killed Duvessa
  4551 | D:5      | Reached skill level 5 in Shields
  4551 | D:5      | Reached XP level 8. HP: 57/63 MP: 7/7
  4554 | D:5      | Killed Dowan
  4587 | D:5      | Reached skill level 8 in Axes
  4903 | D:5      | Reached skill level 1 in Stealth
  4944 | D:5      | Reached *** piety under Hepliaklqana
  5226 | D:6      | Found a white marble altar of Elyvilon.
  5333 | D:6      | Reached skill level 9 in Axes
  5495 | D:6      | Found an iron altar of Okawaru.
  5570 | D:6      | Noticed Edmund
  5579 | D:6      | Killed Edmund
  5626 | D:6      | Found a hazy altar of Hepliaklqana.
  5693 | D:6      | Reached XP level 9. HP: 62/70 MP: 8/8
  5960 | D:7      | Found a broken altar of Ashenzari.
  5993 | D:7      | Reached skill level 10 in Axes
  6080 | D:7      | Noticed Prince Ribbit
  6086 | D:7      | Killed Prince Ribbit
  6146 | D:7      | Reached **** piety under Hepliaklqana
  6348 | D:7      | Found Reffok's Antique Armour Shoppe.
  6405 | D:7      | Found a staircase to the Ecumenical Temple.
  6444 | D:7      | Noticed a +0 bardiche
  6446 | D:7      | Found Dilonu's Weapon Shop.
  6448 | D:7      | Noticed a +0 great mace
  6476 | D:7      | Found an ancient bone altar of Kikubaaqudgha.
  6493 | D:7      | Noticed Jeremiah
  6883 | D:8      | Reached skill level 11 in Axes
  7434 | D:9      | Noticed a two-headed ogre
  7443 | D:9      | Killed a two-headed ogre
  7444 | D:9      | Reached XP level 10. HP: 79/79 MP: 9/9
  7484 | D:9      | Noticed a two-headed ogre
  7492 | D:9      | Killed a two-headed ogre
  7768 | D:9      | Reached skill level 12 in Axes
  7810 | D:9      | Reached skill level 1 in Evocations
  7835 | D:9      | Found a staircase to the Lair.
  8221 | D:9      | Found a shimmering altar of Xom.
  8282 | D:9      | Noticed Grum
  8283 | D:9      | Reached ***** piety under Hepliaklqana
  8448 | D:9      | Killed Grum
  8661 | D:9      | Noticed a centaur warrior
  8674 | D:9      | Killed a centaur warrior
  8675 | D:9      | Reached skill level 5 in Stealth
  8943 | D:9      | Found a staircase to the Orcish Mines.
  9062 | D:9      | Noticed a six-headed hydra
  9063 | D:9      | Noticed a cyclops
  9063 | D:9      | Noticed a cyclops
  9179 | D:10     | Entered Level 10 of the Dungeon
  9218 | D:10     | Noticed a boulder beetle
  9221 | D:10     | Reached XP level 11. HP: 85/85 MP: 8/10
  9226 | D:10     | Reached skill level 10 in Armour
  9255 | D:10     | Killed a boulder beetle
  9387 | D:10     | Reached skill level 13 in Axes
  9689 | D:10     | Found Vauruf's Assorted Antiques.
  9859 | D:10     | Found a bloodstained altar of Trog.
  9960 | D:10     | Identified the +2 dagger of the Gnat {freeze, rN+ Will+
                  | Int-5}
 10104 | D:11     | Noticed a sun demon
 10112 | D:10     | Killed a sun demon
 10391 | D:11     | Noticed a boulder beetle
 10500 | D:7      | Found Mesmoem's Book Boutique.
 10525 | D:7      | Found Imeanuas's Antique Armour Shop.
 10626 | D:7      | Killed Jeremiah
 10820 | D:11     | Killed a boulder beetle
 10872 | D:11     | Noticed a two-headed ogre
 10875 | D:11     | Noticed a boulder beetle
 10878 | D:11     | Killed a two-headed ogre
 10889 | D:11     | Killed a boulder beetle
 10896 | D:11     | Noticed a red ugly thing
 10903 | D:11     | Killed a red ugly thing
 11229 | D:11     | Noticed a two-headed ogre
 11235 | D:11     | Killed a two-headed ogre
 11241 | D:11     | Reached XP level 12. HP: 72/94 MP: 11/11
 11906 | D:12     | Found a gate leading to a gauntlet.
 11915 | Gauntlet | Entered a Gauntlet
 11915 | Gauntlet | Found a transporter.
 11922 | Gauntlet | Found a transporter.
 11924 | Gauntlet | Found a transporter.
 11935 | Gauntlet | Found a transporter.
 11938 | Gauntlet | Found a transporter.
 11947 | Gauntlet | Found a transporter.
 11963 | Gauntlet | Found a transporter.
 11974 | Gauntlet | Found a transporter.
 11984 | Gauntlet | Found a transporter.
 11995 | Gauntlet | Found a runed translucent door.
 11995 | Gauntlet | Found a runed translucent door.
 11999 | Gauntlet | Found a transporter.
 12012 | Gauntlet | Found a transporter.
 12013 | Gauntlet | Found a transporter.
 12053 | Gauntlet | Found a transporter.
 12067 | Gauntlet | Found a transporter.
 12071 | Gauntlet | Found a runed translucent door.
 12140 | Gauntlet | Identified a scroll of acquirement
 12140 | Gauntlet | Acquired the ring of the Duchess {rC+ rN+}
 12385 | Gauntlet | Identified the +0 helmet "Apheryut" {Fly Str+5}
 12501 | Gauntlet | Identified the +0 pair of gloves of the Ladybird {Fly}
 12553 | Gauntlet | Identified the amulet "Necithro" {rPois Regen+ Str+4}
 12553 | Gauntlet | Noticed a minotaur
 12560 | Gauntlet | Killed a minotaur
 12561 | Gauntlet | Reached skill level 10 in Fighting
 12561 | Gauntlet | Reached skill level 14 in Axes
 12571 | Gauntlet | Identified the staff of the Muttering Pill Bug {rC+ MP-9
                  | Str+4 Ice}
 12694 | D:12     | Noticed a centaur warrior
 12707 | D:12     | Killed a centaur warrior
 12830 | D:13     | Found Pomukon's Weapon Shop.
 12849 | D:13     | Noticed a tengu warrior
 12861 | D:13     | Killed a tengu warrior
 12863 | D:13     | Found Tiweplir's Weapon Shop.
 12956 | D:13     | Noticed a seven-headed hydra
 12981 | D:13     | Found Humimniv's Assorted Antiques.
 13023 | D:13     | Found Pusijog's General Store.
 13117 | D:13     | Bought a scroll of brand weapon for 180 gold pieces
 13224 | D:13     | Reached ****** piety under Hepliaklqana
 13232 | D:13     | Noticed a six-headed hydra
 13241 | D:13     | Killed a six-headed hydra
 13358 | D:13     | Found a gate to the Vaults.
 13358 | D:13     | Noticed a vault guard
 13358 | D:13     | Noticed a vault guard
 13358 | D:13     | Noticed a vault guard
 13358 | D:13     | Noticed a vault guard
 13358 | D:13     | Noticed a vault guard
 13358 | D:13     | Noticed a vault guard
 13424 | D:12     | Noticed Azrael
 13424 | D:12     | Noticed Jorgrun
 13500 | D:12     | Noticed a boulder beetle
 13502 | D:12     | Noticed Kirke
 13628 | Lair:1   | Entered Level 1 of the Lair of Beasts
 13741 | Lair:1   | Found a runed translucent gate.
 13742 | Lair:1   | Found a runed translucent gate.
 13743 | Lair:1   | Found a runed translucent gate.
 13745 | Lair:1   | Noticed BinkBink's ghost (journeyman DsFi)
 13919 | Lair:1   | Identified the +2 scale mail of Wicked New Discoveries
                  | {Will+ MP+9}
 14101 | Lair:1   | Found a viscous altar of Jiyva.
 14243 | Lair:1   | Reached XP level 13. HP: 101/104 MP: 12/12
 14686 | Lair:1   | Reached skill level 5 in Dodging
 14700 | Lair:1   | Killed BinkBink's ghost
 14916 | Lair:2   | Found a staircase to the Swamp.
 14916 | Lair:2   | Noticed an eleionoma
 14923 | Lair:2   | Reached skill level 15 in Axes
 14928 | Lair:2   | Killed an eleionoma
 15640 | Lair:3   | Reached skill level 10 in Shields
 15677 | Lair:3   | Found a hole to the Spider Nest.
 15711 | Lair:3   | HP: 4/106 [tarantella (12)]
 15736 | Lair:3   | Slain by a blink frog simulacrum

Illustrated notes

Levels and vault maps discovered:
D:1:      dpeg_arrival_signposts, layout_loops_corners, serial_shops,
          nicolae_shop_drivethru, shapermc_ecumenical_altar_pompeii,
          minivault_14
D:2:      layout_loops_ring, basic_altar, uniq_crazy_yiuf_cottage
D:3:      layout_basic, zin_angel, nicolae_overflow_crystal_walls,
          nicolae_qazlal_beasts_of_the_sky, gup_sewer_entry_bubbles,
          grunt_ministairs_12, minmay_starry_boxes, uniq_jessica
D:4:      layout_cave_pools, mainiacjoe_overflow_paths, grunt_gozag_breadcrumbs,
          ebering_ghost_rock_garden, uniq_menkaure
D:5:      layout_gridville, hangedman_minor_gate_pass, uniq_grinder,
          uniq_duvessa
D:6:      layout_rooms, worldfamousw_hep_ancestral_shrine,
          amcnicky_altar_gilded, lemuel_round_altar, lemuel_flamethrower_2,
          uniq_edmund
D:7:      layout_rooms, kiku_gazebo_pond_becter, ashenzari_conservatory_becter,
          minmay_temple_entry_enclosed_plants, serial_shops, shop, shop, shop,
          nicolae_shop_mannequins, nicolae_zig_zag_zippers, uniq_prince_ribbit1,
          uniq_jeremiah
D:8:      layout_basic, nicolae_twisty_statue_hallways
D:9:      layout_loops_corners, xom_butterflies, erik_lair_island,
          hiddenorc1_lemuel, lightli_corner_chamber, uniq_grum
D:10:     nicolae_BIG_FREAKIN_CUBE, layout_basic, bloody_trog, serial_shops,
          nicolae_shop_behind_doors
D:11:     layout_stronghold, serial_demonic, serial_demonic_c, serial_demonic_f,
          serial_demonic_b, serial_demonic_b
D:12:     layout_irregular_city, gauntlet_entry_generic, uniq_jorgrun,
          uniq_kirke, uniq_azrael
D:13:     layout_basic, erik_vaults_2, serial_shops, shop,
          nicolae_shop_statue_plus, nicolae_shop_tiny_statue_garden,
          nicolae_shop_advertising_works [nicolae_subvault_shop_adworks],
          serial_bayou_crossing
Lair:1:   wad_woods_structure_01, layout_regular_city, gammafunk_ghost_ooze,
          cheibrodos_lair_caveside_slide, serial_bayou_pond_a
Lair:2:   layout_gridlike, alex1729_swamp_entry_worm_eleionoma,
          forest_entry_grove
Lair:3:   layout_loops_ring, nicolae_spider_entry_lesser_pyramids,
          roderic_carrion_pond, serial_bayou_shore_a, lemuel_fruit_fields,
          infiniplex_staircase_pool, uniq_amaemon

Skill      XL: |  1  2  3  4  5  6  7  8  9 10 11 12 13 |
---------------+----------------------------------------+-----
Fighting       | 4 5 6 7 8 9 11 12 | 12.0
Armour         | 4 5 6 7 9 11 12 13 | 13.4
Shields        | 4 5 6 7 8 9 10 | 10.1
Dodging        | 1 2 3 4 5 |  5.9
Axes           | 3 4 5 6 7 9 11 12 13 14 15 | 15.2
Stealth        | 1 3 5 7 8 9 |  9.2
Evocations     | 1 2 3 |  3.5

Action                     |  1- 3 |  4- 6 |  7- 9 | 10-12 | 13-15 || total
---------------------------+-------+-------+-------+-------+-------++-------
  Melee: War axe           |    66 |   102 |       |       |       ||   168
         Headbutt          |    10 |    21 |    49 |   133 |    45 ||   258
         Hand axe          |       |    48 |   241 |   534 |   178 ||  1001
 Invoke: Ancestor Life: He |       |     1 |       |       |       ||     1
         Recall Ancestor   |       |       |       |     3 |       ||     3
  Evoke: Wand              |       |       |     1 |    27 |    10 ||    38
         Box of beasts     |       |       |       |     1 |     1 ||     2
         Phial of floods   |       |       |       |       |     1 ||     1
         Condenser vane    |       |       |       |       |     1 ||     1
    Use: Potion            |       |     1 |       |     3 |     2 ||     6
         Scroll            |       |       |       |    14 |     1 ||    15
   Stab: Confused          |       |       |     4 |    10 |    12 ||    26
         Paralysed         |       |       |     5 |    26 |       ||    31
         Distracted        |       |       |     4 |    11 |     3 ||    18
         Sleeping          |       |       |       |     1 |       ||     1
 Armour: Scale mail        |    54 |     3 |       |     9 |   144 ||   210
         Chain mail        |       |   113 |   132 |   347 |       ||   592
  Dodge: Dodged            |    42 |    55 |    67 |   183 |    82 ||   429
  Block: Buckler           |    14 |    33 |    54 |   110 |    48 ||   259

Table legend: (Time is in decaauts)
 A = Elapsed time spent in this place.
 B = Non-inter-level travel time spent in this place.
 C = Inter-level travel time spent in this place.
 D = Time resting spent in this place.
 E = Time spent auto-exploring this place.
 F = Levels seen in this place.
 G = Mean time per level.
                   A        B        C        D        E       F      G
               +--------+--------+--------+--------+--------+-----+--------+
         Total |  15626 |  14870 |    756 |    845 |  11157 |  18 |  868.1 |
       Dungeon |  12282 |  11598 |    684 |    655 |   8915 |  13 |  944.8 |
          Lair |   2022 |   1950 |     72 |      3 |   1557 |   3 |  674.0 |
         Sewer |    584 |    584 |      0 |      0 |    385 |   1 |  584.0 |
      Gauntlet |    737 |    737 |      0 |    187 |    299 |   1 |  737.0 |
               +--------+--------+--------+--------+--------+-----+--------+

Top non-repeatable levels by time:
     D:9: 1593 daAuts
     D:3: 1321 daAuts
     D:8: 1263 daAuts
  Lair:1: 1085 daAuts
     D:1: 1068 daAuts
    D:10: 1056 daAuts
    D:11: 1011 daAuts
     D:5: 975 daAuts
  Lair:2: 843 daAuts
     D:2: 802 daAuts
     D:7: 790 daAuts
Gauntlet: 737 daAuts
     D:6: 728 daAuts
     D:4: 611 daAuts
    D:13: 601 daAuts
